Unix NetHack Version 5.0.0-0 post-release - last build Jun 10 2026 00:39:30 (3ee93aec679c4c4259841fe613dc97188e26a321,branch:main).

Game began 2026-06-30 18:18:49, ended 2026-07-01 16:54:01.

IceCreamJones, chaotic male human Wizard

  -------------------                    --------------------------------
  |.................|                    |..)..................|........
  |.---------------.|---------------------.|...................|....*
  |....[..........|.|......................|--------------------... #   #
  -------------.{.|.|---------------------.|..........|.....|*...   #   #
  ------------|...|.| --------------------.|.-------..|.....|..     #   #
  |.......).)^|----)--|...................(..|     |..|.......#######))0#
  |.-----))---|.%.....|-----------------------     |..|.....        #   #
  |.|   |..|..|-----..------------------------------%.|....         #   #
  |.|   |).|..|....|%@....0........[..................|...          #   #
  |.|----..|..|..---%q------------------------------..|-.           #   #
  |.||..)..|-|-..|....|............................|..|..           #   [
  |.||...--|..%..|...0|.|.................)........|..-.            #  ..
  |)||)..| ---%|.|---...|*..*.........<............|(.|             #  ..
  |.|-----   |)|--- |...|.........)..).............|..|             #
  |.----------|--.---...|---------------------------..|  #(#####    #*
  |.^.........^.........|........)....................|        *#####
  -----------------------------------------------------
IceCreamJones the Magician  St:16 Dx:16 Co:18 In:21 Wi:15 Ch:8  Chaotic
Dlvl:12 $:0  HP:0(102) Pw:20(92) AC:-5 Xp:12 T:30658  Burdened

Latest messages:
 You stop eating the stone giant corpse.
 You hit the rothe.
 The rothe hits!
 The rothe bites!
 The rothe misses!
 The rothe misses!
 The rothe misses!
 The rothe misses!
 You hit the rothe!
 The rothe hits!
 The rothe bites!
 The rothe misses!
 You hit the rothe!
 The rothe turns to flee.
 You kill the rothe!
 There is a partly eaten stone giant corpse here; eat it? [ynq] (n)
 You resume your meal.
 You stop eating the stone giant corpse.
 What do you want to zap? [ckEFIJLV or ?*]
 In what direction?
 The magic missile hits the pony!
 The magic missile hits the pony.
 The magic missile hits you!
 The missiles bounce off!
 The pony misses!
 The pony misses!
 The pony misses!
 The pony just misses!
 You hit the pony!
 The pony misses!
 The pony misses!
 You kill the pony!
 There is a partly eaten stone giant corpse here; eat it? [ynq] (n)
 You resume your meal.
 You stop eating the stone giant corpse.
 The leocrotta hits!
 The leocrotta bites!
 The leocrotta misses!
 The leocrotta hits!
 The leocrotta bites!
 The leocrotta hits!
 The leocrotta hits!
 The leocrotta misses!
 The leocrotta hits!
 You die...
 Do you want your possessions identified? [ynq] (y)
 Do you want to see your attributes? [ynq] (y)
 Do you want an account of creatures vanquished? [ynaq] (y)
 Do you want to see your conduct and achievements? [ynq] (y)
 Do you want to see the dungeon overview? [ynq] (y)

Inventory:
 Amulets  ('"')
  W - an uncursed amulet of guarding (being worn)
 Weapons  (')')
  n - a blessed +0 dagger
  O - 2 +4 daggers
  h - 10 +0 daggers (at the ready)
  p - a +1 elven dagger
  j - 3 +0 elven daggers
  a - the +0 Sting (weapon in right hand)
 Armor    ('[')
  i - a blessed +3 helm of brilliance (being worn)
  o - an uncursed +0 pair of leather gloves (being worn)
  t - a blessed very burnt +0 pair of low boots (being worn)
  Q - an uncursed +0 shield of reflection
  H - an uncursed burnt +1 cloak of magic resistance (being worn)
  A - an uncursed +5 leather armor (being worn)
 Comestibles  ('%')
  m - 2 uncursed lizard corpses
 Rings    ('=')
  Z - an uncursed ring of free action (on left hand)
  e - an uncursed +1 ring of increase accuracy (on right hand)
 Wands    ('/')
  c - a wand of cold (0:1)
  J - a wand of digging (0:4)
  k - a wand of fire (0:2)
  F - a cursed wand of lightning (0:2)
  E - a wand of magic missile (1:0)
  V - a wand of polymorph (0:3)
  L - a wand of slow monster (0:6)
  I - a wand of striking (0:4)
 Tools    ('(')
  b - an uncursed bag of holding containing 42 items
  v - an empty uncursed sack named mine
  y - an uncursed blindfold
  r - an uncursed skeleton key
  u - a +0 unicorn horn

Contents of the bag of holding:
  936 gold pieces
  a +0 aklys
  2 uncursed C-rations
  3 uncursed food rations
  6 uncursed tripe rations
  an uncursed scroll of amnesia
  an uncursed scroll of blank paper
  an uncursed scroll of confuse monster
  2 uncursed scrolls of enchant armor
  2 uncursed scrolls of identify
  an uncursed scroll of taming
  6 uncursed potions of booze
  an uncursed potion of gain level
  2 blessed potions of healing named nc
  6 uncursed potions of healing
  an uncursed potion of monster detection
  an uncursed potion of object detection
  an uncursed potion of polymorph
  an uncursed potion of restore ability
  an uncursed ring of conflict
  a cursed -4 ring of increase damage
  an uncursed ring of regeneration
  an uncursed ring of regeneration
  a wand of create monster (0:12)
  a blessed wand of digging (0:6)
  a wand of digging (0:8)
  a wand of fire (0:5)
  a wand of magic missile (0:0)
  a wand of secret door detection (0:10)
  a wand of speed monster (0:3)
  a wand of striking (0:6)
  a can of grease (0:12)
  an uncursed lock pick
  a +0 pick-axe
  an uncursed skeleton key
  an uncursed tin whistle
  2 uncursed amethyst stones
  2 uncursed citrine stones
  8 uncursed diamonds
  3 uncursed emeralds
  3 uncursed rubies
  an uncursed luckstone

IceCreamJones the Wizard's attributes:

Background:
 You were a Magician, a level 12 male human Wizard.
 You were chaotic, on a mission for Anhur
 who was opposed by Ptah (lawful) and Thoth (neutral).
 You were right-handed.
 You were in the Gnomish Mines, on level 12.
 You entered the dungeon 30658 turns ago.
 There was a full moon in effect when your adventure ended.
 You had 20368 experience points, 19632 more were needed to attain level 13.

Basics:
 You had 0 out of 102 hit points.
 You had 20 out of 92 energy points (spell power).
 Your armor class was -5.
 Your wallet was empty, but
 you had 936 zorkmids stashed away in your pack.
 Autopickup was off.

Final Characteristics:
 Your strength was 16 (limit:18/100).
 Your dexterity was 16 (peak:18, limit:18).
 Your constitution was 18 (limit:18).
 Your intelligence was 21 (base:18, innate limit:18).
 Your wisdom was 15 (base:12, limit:18).
 Your charisma was 8 (limit:18).

Final Status:
 You weren't hungry.
 You were burdened; movement was slightly slowed.
 You were wielding a dagger.
 You had expert skill with dagger.

Final Attributes:
 You were piously aligned.
 You were magic-protected.
 You were cold resistant.
 You were sleep resistant.
 You were shock resistant.
 You were poison resistant.
 You were telepathic.
 You were aware of the presence of orcs.
 You had a small bonus to hit (+1).
 You had a small defense bonus (+2).
 You were protected.
 You had free action.
 You were lucky.
 You are dead.

Miscellaneous:
 You encountered 1 bones level.
 Total elapsed playing time was 6 hours, 26 minutes and 38 seconds.

Major events:
 Turn
    1: IceCreamJones the chaotic male human Wizard entered the dungeon
 1449: attained the rank of Conjurer (level 3)
 2064: entered the Gnomish Mines
 3818: attained the rank of Thaumaturge (level 6)
 5359: chose a runed broadsword to be named "Orcrist"
 5692: chose a runed dagger to be named "Sting"
 7326: reached Mine Town
10464: entered Sokoban
11395: completed 1st Sokoban level
12399: completed 2nd Sokoban level
13165: completed 3rd Sokoban level
16267: completed 4th Sokoban level
16754: acquired the Sokoban bag of holding
16848: attained the rank of Magician (level 10)
29345: acquired the Mines' End luckstone
30658: killed by a leocrotta

Spells:
 Name                 Level Category     Fail Retention
 force bolt             1   attack         0%   46%-50%
 detect food            2   divination     0%   41%-50%
 slow monster           2   enchantment    0%   61%-70%
 healing                1   healing        0%   51%-75%
 chain lightning        2   attack         0%   66%-70%
 knock                  1   matter         0%   51%-75%
 cure sickness          3   healing       42%   26%-50%
 identify               3   divination     0%   31%-40%
 detect treasure        4   divination    23%   41%-50%

Skills:
 Fighting Skills
   bare handed combat [Unskilled]
   riding             [Unskilled]
 Weapon Skills
   dagger             [Expert]
   knife              [Unskilled]
   axe                [Unskilled]
   short sword        [Unskilled]
   club               [Unskilled]
   mace               [Unskilled]
   quarterstaff       [Skilled]
   polearms           [Unskilled]
   spear              [Unskilled]
   trident            [Unskilled]
   sling              [Unskilled]
   dart               [Unskilled]
   shuriken           [Unskilled]
 Spellcasting Skills
   attack spells      [Skilled]
   healing spells     [Unskilled]
   divination spells  [Basic]
   enchantment spells [Basic]
   clerical spells    [Unskilled]
   escape spells      [Unskilled]
   matter spells      [Unskilled]

Voluntary challenges:
 Character rerolling was not enabled.
 You never genocided any monsters.
 You used no wishes.
 You violated the special Sokoban rules twice.
Achievements:
 You entered a shop.
 You attained the rank of Conjurer.
 You entered the Gnomish Mines.
 You attained the rank of Thaumaturge.
 You entered Minetown.
 You entered a temple.
 You entered Sokoban.
 You completed Sokoban.
 You attained the rank of Magician.
 You completed the Gnomish Mines.

 The Dungeons of Doom: levels 1 to 8
    Level 1:
       A fountain.
    Level 2:
       A tool shop.
    Level 3:
       A potion shop, a fountain.
       Stairs down to The Gnomish Mines.
    Level 4:
       Some sinks.
    Level 5:
       A fountain, a grave.
    Level 6:
       Many fountains.
       Oracle of Delphi.
    Level 7:
       Stairs up to Sokoban, level 6.
    Level 8:
 The Gnomish Mines: levels 4 to 12
    Level 4:
    Level 5:
    Level 6:
    Level 7:
       Many shops, a temple and an altar, a fountain.
       Final resting place for
          newcomer-Arc-Dwa-Fem-Law, killed by Mr. Rellenk; the shopkeeper.
    Level 8:
    Level 9:
    Level 10:
    Level 11:
    Level 12: <- You were here.
       A fountain.
       Final resting place for
          you, killed by a leocrotta.
 Sokoban: levels 6 up to 3
    Level 3:
       Solved.
    Level 4:
       Solved.
    Level 5:
       Solved.
    Level 6:
       Solved.


Vanquished creatures:
  a watch captain
  3 ghosts
  3 giant mimics
  a large mimic
  2 wumpuses
  a stalker
 an air elemental
  a fire elemental
 an earth elemental
  a water elemental
  a giant mummy
  a black naga
  4 wargs
  a small mimic
  a glass piercer
  a warhorse
  3 xans
 an ogre leader
  2 quantum mechanics
  2 wood golems
  2 gelatinous cubes
  a pyrolisk
  a large dog
  2 freezing spheres
  a flaming sphere
  a shocking sphere
  a large cat
  2 tigers
  4 gargoyles
  2 dwarf rulers
  3 tengu
 an ochre jelly
  3 leocrottas
 an energy vortex
  a mountain centaur
  7 stone giants
 an elf mummy
  a python
  a pit viper
  2 wraiths
  5 carnivorous apes
 an ettin zombie
  3 leather golems
  a Grey-elf
  a soldier
  3 watchmen
  a chameleon
  4 giant beetles
  4 quivering blobs
  8 cockatrices
  9 wolves
  4 winter wolf cubs
  2 lynxes
  a spotted jelly
  4 leprechauns
  2 iron piercers
  a mumak
  2 scorpions
  2 ice vortices
  3 black lights
  2 vampire bats
  5 gnome rulers
  2 orc mummies
  a dwarf mummy
  a brown pudding
  a rust monster
  8 owlbears
  3 yetis
  a gold golem
  2 werewolves
  4 Green-elves
  3 lizards
  4 chickatrices
  a housecat
  7 jaguars
  2 dwarf leaders
  4 blue jellies
  4 white unicorns
  4 dust vortices
  4 ravens
  a gnome mummy
  4 snakes
 11 apes
  5 human zombies
  a rope golem
  a Woodland-elf
  3 soldier ants
  2 fire ants
  2 bugbears
 an imp
  a quasit
  3 wood nymphs
  3 water nymphs
  2 mountain nymphs
 20 Mordor orcs
  3 Uruk-hai
 an orc shaman
  5 rock piercers
  7 rock moles
  6 ponies
  7 fog clouds
  6 yellow lights
  3 shriekers
  3 violet fungi
 20 gnome leaders
  6 gnomish wizards
  2 kobold mummies
  a gray ooze
  3 elf zombies
  2 ghouls
  a paper golem
  7 giant ants
  3 little dogs
  4 floating eyes
  2 kittens
 25 dwarves
  a homunculus
  a kobold leader
  2 kobold shamans
 12 hill orcs
 16 rothes
  2 rabid rats
  a centipede
  3 giant bats
  2 monkeys
  6 orc zombies
  2 dwarf zombies
  2 wererats
  3 werejackals
  8 iguanas
  6 killer bees
  3 acid blobs
 12 coyotes
  2 gas spores
  9 hobbits
  9 manes
  3 hobgoblins
  7 giant rats
 11 cave spiders
  a brown mold
  3 yellow molds
  a red mold
 68 gnomes
  2 gnome zombies
 16 geckos
 10 jackals
  3 foxes
  3 kobolds
  6 goblins
  6 sewer rats
  9 grid bugs
 10 bats
  8 lichens
  2 kobold zombies
 20 newts
662 creatures vanquished.

No species were genocided or became extinct.

Game over:
                       ----------
                      /          \
                     /    REST    \
                    /      IN      \
                   /     PEACE      \
                  /                  \
                  |  IceCreamJones   |
                  |      936 Au      |
                  |   killed by a    |
                  |    leocrotta     |
                  |                  |
                  |                  |
                  |       2026       |
                 *|     *  *  *      | *
        _________)/\\_//(\/(/\)/\//\/|_)_______

Goodbye IceCreamJones the Wizard...

You died in The Gnomish Mines on dungeon level 12 with 60357 points,
and 936 pieces of gold, after 30658 moves.
You were level 12 with a maximum of 102 hit points when you died.

